 Dungeon Crawl Stone Soup version 0.27-a0-1502-g47ed6a6988 (webtiles) character file.

Game seed: 14557582672079187571

20 wakim the Chiller (level 2, -1/15 HPs)
             Began as a Deep Elf Ice Elementalist on July 8, 2021.
             Killed by an exploding hobgoblin (16 damage)
             ... ignited by their inner flame
             ... on level 1 of the Dungeon.
             The game lasted 00:01:33 (835 turns).

wakim the Chiller (Deep Elf Ice Elementalist)        Turns: 835, Time: 00:01:33

Health: -1/15      AC:  2    Str:  5    XL:     2   Next: 58%
Magic:  6/8        EV: 13    Int: 19    God:
Gold:   0          SH:  0    Dex: 15    Spells: 6/7 levels left

rFire    . . .     SeeInvis .   a - +0 dagger
rCold    . . .     Faith    .   (no shield)
rNeg     . . .     Spirit   .   c - +0 robe
rPois    .         Reflect  .   (no helmet)
rElec    .         Harm     .   (no cloak)
rCorr    .         Rampage  .   (no gloves)
Will     .....                  (no boots)
Stlth    ++........             (no amulet)
HPRegen  0.05/turn              (no ring)
MPRegen  0.11/turn              (no ring)

@: no status effects
A: no striking features
a: no special abilities


You were on level 1 of the Dungeon.
You visited 1 branch of the dungeon, and saw 1 of its levels.

Inventory:

Hand Weapons
 a - a +0 dagger (weapon)
Armour
 c - a +0 robe (worn)
Potions
 b - a potion of flight {unknown}


   Skills:
 + Level 2.8 Dodging
 + Level 2.9 Stealth
 - Level 3.0 Spellcasting
 * Level 4.8 Ice Magic


You had 6 spell levels left.
You knew the following spells:

 Your Spells              Type           Power      Damage    Failure   Level
a - Freeze                Ice            84%        1d10      1%          1

Your spell library contained the following spells:

 Spells                   Type           Power      Damage    Failure   Level
 Frozen Ramparts          Ice            42%        1d6       6%          3
 Ozocubu's Armour         Ice            21%        N/A       6%          3
 Summon Small Mammal      Summ           8%         N/A       16%         1
 Call Canine Familiar     Summ           2%         N/A       41%         3
 Summon Guardian Golem    Hex/Summ       2%         N/A       41%         3
 Hailstorm                Conj/Ice       12%        3d5       50%         4


Dungeon Overview and Level Annotations

Branches:
Dungeon (1/15)

Altars:


Message History

The kobold throws a stone.
The stone misses you.
The kobold throws a stone.
The stone hits you but does no damage.
The kobold throws a stone.
The stone hits you but does no damage.
You freeze the kobold!
You kill the kobold!
You freeze the kobold.
You kill the kobold!
Items here: ( ) ††.
a - a +0 dagger Adjust (i)tems, (s)pells, or (a)bilities?
Okay, then.
a - a +0 dagger (weapon)
Things that are here:
a +0 whip; a kobold corpse
Found a scroll labelled ATUUNAISIO.
A kobold comes into view. It is wielding a +0 dagger.
The kobold shouts!
You freeze the kobold.
You kill the kobold!
d - a scroll labelled ATUUNAISIO You see here 18 poisoned darts.
You see here 13 stones.
You see here 16 poisoned darts.
A hobgoblin comes into view.
As you read the scroll labelled ATUUNAISIO, it crumbles to dust.
The creatures around you are filled with an inner flame!
It was a scroll of immolation.
A hobgoblin is nearby!
A ball python comes into view.
The hobgoblin shouts!
You hear a shout!
A goblin comes into view. It is wielding a +0 dagger.
The ball python bites you but does no damage.
The ball python closely misses you.
You freeze the ball python!
You kill the ball python!
You freeze the hobgoblin!
The hobgoblin explodes!
The fiery explosion engulfs you!
Ouch! That really hurt!
You die...

.##....##.##
.#.........# .. .
.#......#.## g .#
.#..(...### ##> #.
....._..# .....
##..8.8.# #.#. #......#
#§§ ##...######## #§#
............# ##@####...
............###.........
............#(...####...
##...#####.##.#.##
#.......##.##.#.#
######........#.#
⌠...⌠#...#.##.#.#
.....###.#....... .>.<.#
#.####.###


You could see a goblin.

Vanquished Creatures
  2 dart slugs (D:1)
  An endoplasm (D:1)
  A giant cockroach (D:1)
  4 hobgoblins (D:1)
  2 quokkas (D:1)
  2 ball pythons (D:1)
  2 bats (D:1)
  3 kobolds (D:1)
17 creatures vanquished.

Notes
Turn   | Place    | Note
-------+----------+-------------------------------------------
     0 | D:1      | wakim the Deep Elf Ice Elementalist began the quest for the
                  | Orb.
     0 | D:1      | Reached XP level 1. HP: 10/10 MP: 6/6
   224 | D:1      | Reached XP level 2. HP: 2/15 MP: 5/8
   515 | D:1      | Found a faded altar of an unknown god.
   835 | D:1      | Killed by an exploding hobgoblin... ignited by their inner
                  | flame

Illustrated notes

Levels and vault maps discovered:
D:1:      amcnicky_arrival_gap_in_the_tavern_cellar, layout_loops_cross,
          dreamdust_ecumenical_altar_statues

Action                   || total
-------------------------++-------
Melee: Unarmed           ||     1
 Cast: Freeze            ||    24
  Use: Scroll            ||     1
Armor: Robe              ||     7
Dodge: Dodged            ||     7

Table legend: (Time is in decaauts)
 A = Elapsed time spent in this place.
 B = Non-inter-level travel time spent in this place.
 C = Inter-level travel time spent in this place.
 D = Time resting spent in this place.
 E = Time spent auto-exploring this place.
 F = Levels seen in this place.
 G = Mean time per level.
                   A        B        C        D        E       F      G
               +--------+--------+--------+--------+--------+-----+--------+
         Total |    834 |    834 |      0 |      0 |    711 |   1 |  834.0 |
       Dungeon |    834 |    834 |      0 |      0 |    711 |   1 |  834.0 |
               +--------+--------+--------+--------+--------+-----+--------+

Top non-repeatable levels by time:
     D:1: 834 daAuts
